 Dungeon Crawl Stone Soup version 0.25.1-2-g60ff931df9 (webtiles) character file.

Game seed: 14254277506568221490

110 Almogavar the Shooter (level 4, -1/37 HPs)
             Began as a Centaur Hunter on Sept 6, 2020.
             Was an Initiate of Okawaru.
             Killed by nerve-wracking pain
             ... invoked by Grinder
              (11 damage)
             ... on level 3 of the Dungeon.
             The game lasted 00:07:01 (2613 turns).

Almogavar the Shooter (Centaur Hunter)              Turns: 2613, Time: 00:07:01

Health: -1/37      AC:  8    Str: 15    XL:     4   Next: 61%
Magic:  4/4        EV:  7    Int: 10    God:    Okawaru [......]
Gold:   141        SH:  0    Dex: 10    Spells: 3/3 levels left

rFire    . . .     SeeInvis .   a - +1 shortbow
rCold    . . .     Gourm    .   (shield currently unavailable)
rNeg     . . .     Faith    .   c - +0 leather armour
rPois    .         Spirit   .   (no helmet)
rElec    .         Reflect  .   (no cloak)
rCorr    .         Harm     .   (no gloves)
MR       .....                  k - +0 centaur barding
Stlth    +.........             (no amulet)
HPRegen  0.12/turn              (no ring)
MPRegen  0.09/turn              (no ring)

@: very quick
A: large, hooves 3, deformed body, speed 2, tough skin 3
a: Renounce Religion


You were on level 3 of the Dungeon.
You worshipped Okawaru.
Okawaru was noncommittal.
You were hungry.

You visited 1 branch of the dungeon, and saw 3 of its levels.

You collected 141 gold pieces.

Inventory:

Hand Weapons
 a - a +1 shortbow (weapon)
 b - a +0 short sword
Missiles
 d - 37 arrows (quivered)
Armour
 c - a +0 leather armour (worn)
 h - a +0 scale mail
 j - a +0 chain mail
 k - a +0 centaur barding (worn)
Wands
 n - a wand of flame (22)
Potions
 e - a potion of haste
 i - 2 potions of resistance {unknown}
 l - a potion of curing {unknown}
 m - 2 potions of flight {unknown}
 o - a potion of lignification {unknown}
 p - a potion of heal wounds {unknown}
Comestibles
 f - 4 rations


   Skills:
 + Level 2.3 Fighting
 + Level 1.6 Short Blades
 + Level 6.4 Bows
 + Level 0.7 Armour
 + Level 1.9 Dodging
 + Level 0.6 Stealth


You had 3 spell levels left.
You didn't know any spells.
Your spell library was empty.

Dungeon Overview and Level Annotations

Branches:
Dungeon (3/15)

Altars:
Okawaru

Annotations:
D:3 1 runed translucent door, Crazy Yiuf, Grinder


Innate Abilities, Weirdness & Mutations

You have hooves in place of feet.
Armour fits poorly on your strangely shaped body.
You cover ground very quickly.
You have extremely tough skin. (AC +3)


Message History

You are too injured to fight recklessly!
You are too injured to fight recklessly!
Unknown command.
Firing (i - inventory)
d - 39 arrows (quivered)
Press: ? - help, Shift-Dir - straight line, f/p - Grinder
Aim: Grinder (lightly wounded)
You shoot an arrow. The arrow hits Grinder!
Grinder is heavily wounded.
Grinder hits you!
* * * LOW HITPOINT WARNING * * *
Unknown command.
Unknown command.
Firing (i - inventory)
d - 38 arrows (quivered)
Press: ? - help, Shift-Dir - straight line, f/p - Grinder
Aim: Grinder (heavily wounded)
You shoot an arrow. The arrow hits Grinder.
Grinder is heavily wounded.
Grinder gestures at you. Pain shoots through your body!
You die...

########### #.........#
#.#######.# #.# #.#
#.#.#####.#
#@#.......#######
#5#.######......# #.#
#......# #(# #......#
......((......##......#
.....(.?.####.##......#
......[... ##......#
....((.(..# #.......#
...####+#.# #.(.....#


You could see Grinder.

Vanquished Creatures
  A centaur skeleton (D:3)
  2 adders (D:3)
  A worm (D:2)
  4 dart slugs (D:1)
  2 leopard geckos (D:2)
  5 giant cockroaches
  9 goblins
  6 hobgoblins
  A quokka (D:3)
  4 bats
  5 frilled lizards
  5 kobolds
  7 rats
52 creatures vanquished.

Notes
Turn   | Place    | Note
-------+----------+-------------------------------------------
     0 | D:1      | Almogavar the Centaur Hunter began the quest for the Orb.
     0 | D:1      | Reached XP level 1. HP: 17/17 MP: 1/1
   160 | D:1      | Reached XP level 2. HP: 24/24 MP: 2/2
   449 | D:1      | Reached skill level 6 in Bows
   513 | D:1      | Reached XP level 3. HP: 24/29 MP: 3/3
  1765 | D:3      | Found a runed translucent door.
  1766 | D:3      | Noticed Crazy Yiuf
  1847 | D:3      | Reached skill level 1 in Short Blades
  2089 | D:3      | Reached XP level 4. HP: 33/36 MP: 4/4
  2170 | D:3      | Found an iron altar of Okawaru.
  2179 | D:3      | Became a worshipper of Warmaster Okawaru
  2584 | D:3      | Noticed Grinder
  2603 | D:3      | Paralysed by Grinder for 3 turns
  2613 | D:3      | Killed from afar by Grinder

Illustrated notes

Levels and vault maps discovered:
D:1:      scummos_arrival_gate, layout_loops_ring,
          minmay_misc_feat_more_columns, chequers_decorated_corner,
          due_unseen_surprise
D:2:      layout_loops_corners, serial_glass, glass_columns_a, glass_columns_a,
          due_unseen_surprise, item_on_display_a, feat_on_display,
          feat_on_display
D:3:      layout_basic, overflow_temple_1_default, minmay_misc_feat_nine_boxes,
          kennysheep_okawaru_gauntlet, uniq_terence, uniq_grinder, uniq_natasha,
          uniq_sigmund, uniq_crazy_yiuf_cottage

Skill      XL: |  1  2  3 |
---------------+----------+-----
Bows           | 6 |  6.4
Short Blades   | 1 |  1.6
Fighting       | |  2.3
Armour         | |  0.7
Dodging        | |  1.9
Stealth        | |  0.6

Action                   |  1- 3 |  4- 6 || total
-------------------------+-------+-------++-------
Melee: Short sword       |   126 |     4 ||   130
       Kick              |    22 |       ||    22
 Fire: Shortbow          |    12 |    35 ||    47
  Use: Scroll            |     2 |       ||     2
  Eat: Chunk             |     2 |     1 ||     3
Armor: Leather armour    |    67 |     5 ||    72
Dodge: Dodged            |    57 |     5 ||    62
